 Dungeon Crawl Stone Soup version 0.18.1-50-g88ac8fd (webtiles) character file.

49 Gargoyl the Skirmisher (level 3, 0/45 HPs)
             Began as a Demonspawn Abyssal Knight on Oct 1, 2016.
             Was a Follower of Lugonu.
             Succumbed to a goblin's poison
             ... on level 2 of the Dungeon.
             The game lasted 00:03:09 (1683 turns).

Gargoyl the Skirmisher (Demonspawn Abyssal Knight)  Turns: 1683, Time: 00:03:09

Health: 0/45       AC: 21    Str: 10 (13) XL:     3   Next: 51%
Magic:  5/5        EV:  2    Int: 17 (18) God:    Lugonu [*.....]
Gold:   50         SH:  0    Dex: 11 (12) Spells: 0 memorised, 2 levels left

rFire  . . .     SeeInvis .     a - +1 hand axe
rCold  . . .     Gourm    .     (armour currently unavailable)
rNeg   + + +     Faith    .     (no shield)
rPois  +         Spirit   .     (helmet currently unavailable)
rElec  .         Dismiss  .     (cloak currently unavailable)
rCorr  .         Reflect  .     (gloves currently unavailable)
SustAt .         Harm     .     (boots currently unavailable)
MR     .....     NoTele   +     (no amulet)
Stlth  +.........               (no ring)
                                (no ring)

@: brilliant, lethally poisoned (0 -> -15), tree-form, very slightly
contaminated, hasted, very quick, not resistant to hostile enchantments, very
unstealthy
A: (yellow scales 0)
a: Depart the Abyss, Renounce Religion


You were on level 2 of the Dungeon.
You worshipped Lugonu.
Lugonu was aware of your devotion.
You were hungry.
You were a tree.
You visited 1 branch of the dungeon, and saw 2 of its levels.
You visited the Abyss 1 time.

You collected 50 gold pieces.

Inventory:

Hand Weapons
 a - a +1 hand axe (weapon)
Armour
 b - a +0 leather armour
 d - a +0 chain mail (melded)
Scrolls
 g - a scroll of immolation {unknown}
 k - 2 scrolls of amnesia {unknown}
 m - 3 scrolls of identify {unknown}
 p - a scroll of fog {unknown}
Comestibles
 c - a bread ration
 f - a slice of pizza
 o - 5 fruits
 q - a meat ration


   Skills:
 + Level 3.7 Fighting
 + Level 2.0 Axes
 * Level 2.2 Armour
 + Level 1.0 Dodging
 * Level 3.1 Invocations


You had 2 spell levels left.
You didn't know any spells.

Dungeon Overview and Level Annotations

Branches:
Dungeon (2/15)

Altars:


Innate Abilities, Weirdness & Mutations

((You are partially covered in yellow scales (AC +2).))


Message History

You feel sick.
The goblin hits you with a dagger of venom.
* * * LOW HITPOINT WARNING * * *
You are more poisoned.
You are very lightly contaminated with residual magic.
Drink which item? (? for menu, Esc to quit)
It was a potion of magic.
Magic courses through your body.
* * * LOW HITPOINT WARNING * * *
You feel sick.
Drink which item? (? for menu, Esc to quit)
It was a potion of lignification.
You turn into a tree.
Your +0 chain mail melds into your body.
Your roots penetrate the ground.
* * * LOW HITPOINT WARNING * * *
You feel sick. The goblin hits you but does no damage.
You are more poisoned.
You slash the goblin!
You kill the goblin!
Lugonu accepts your kill.
You die...

####### #...... #......
#...... ### ###
###...... ### #.....
.........
...#.##.#.########.....)
........................
...#) #♣# ##.###+##
...#'##)#########.......
.......)................
........#########.......
.......).......###......
.......<###.............
#######...).....##.##'#.
######.##..#.##.#.
#.......#.##.#.


There were no monsters in sight!

Vanquished Creatures
  An adder (D:2)
  A worm (D:2)
  2 dart slugs (D:1)
  A giant cockroach (D:1)
  6 goblins
  4 hobgoblins (D:1)
  9 kobolds
  A bat (D:2)
  2 giant newts (D:1)
  5 rats
32 creatures vanquished.

Notes
Turn   | Place    | Note
--------------------------------------------------------------
     0 | Abyss:1  | Gargoyl the Demonspawn Abyssal Knight began the quest for the Orb.
     0 | Abyss:1  | Reached XP level 1. HP: 18/18 MP: 2/2
    59 | Abyss:2  | Noticed a large abomination
    61 | Abyss:2  | Noticed an iron imp
    85 | D:1      | Escaped the Abyss
   329 | D:1      | Reached * piety under Lugonu
   386 | D:1      | Gained mutation: You are partially covered in yellow scales (AC +2). [demonic ancestry]
   386 | D:1      | Reached XP level 2. HP: 21/24 MP: 3/3
   956 | D:2      | Reached XP level 3. HP: 10/29 MP: 5/5
  1462 | D:2      | Reached skill level 1 in Dodging
  1681 | D:2      | HP: 1/30 [poisoned by a goblin]
  1683 | D:2      | Succumbed to a goblin's poison

Skill      XL: |  1  2  3 |
---------------+----------+-----
Armour         | 2 |  2.2
Axes           | 2 |  2.0
Invocations    | 3 |  3.1
Dodging        | 1 |  1.0
Fighting       | |  3.7

Action                   || total
-------------------------++-------
Melee: Hand axe          ||    91
Invok: Depart the Abyss  ||     1
  Use: Potion            ||     6
  Eat: Chunk             ||     2
Armor: Chain mail        ||    70
       Skin              ||     1
Dodge: Dodged            ||    32
